AoeStats
← konif

Arena

507366985Analyzed
1v1 RM · 14d ago on Sep 17, 2026· 57m 23s· 2 players
Game mode
Random Map
Map size
Tiny (2 player)
Population
200
Speed
Normal
Resources
Standard
Victory
Conquest
Starting age
Dark Age
Ending age
Imperial Age
RankedLock teamsTeams togetherTeam positionsShared explorationLock speedFull tech treeHidden civsTurbo modeCheats
Victory
Defeat
🇫🇷 Burgundians · France
776
+16
🇨🇱 Vikings · Chile
780
-16
konif
7:07 Double-Bit Axe
7:36 Loom
8:40 Horse Collar
9:50 Wheelbarrow
10:35 Wheelbarrow
10:25 Gold Mining
13:14 Feudal Age
14:22 Town Watch
16:54 Castle Age
15:17 Bow Saw
15:36 Heavy Plow
16:26 Gold Shaft Mining
17:38 Hand Cart
19:09 Two-Man Saw
18:43 Crop Rotation
20:00 Forging
20:22 Husbandry
21:43 Scale Barding Armor
22:46 Iron Casting
22:49 Cavalier
24:23 Fletching
24:37 Padded Archer Armor
25:17 Bodkin Arrow
27:31 Chain Barding Armor
29:13 Leather Archer Armor
29:36 Squires
29:21 Arson
30:29 Town Patrol
30:37 Stone Mining
34:11 Stone Shaft Mining
33:33 Crossbowman
37:06 Imperial Age
36:54 Fortified Wall
37:05 Ballistics
37:47 Bracer
38:51 Blast Furnace
38:51 Plate Barding Armor
38:27 Paladin
39:24 Paladin
40:58 Conscription
42:07 Chemistry
57:22 Hoardings
ignarmijodavid
15:58 Feudal Age
14:16 Loom
16:21 Horse Collar
16:28 Double-Bit Axe
17:01 Gold Mining
22:42 Castle Age
20:11 Man-at-Arms
20:36 Arson
21:05 Forging
20:56 Scale Mail Armor
20:46 Fletching
20:56 Padded Archer Armor
22:48 Pikeman
23:29 Squires
23:15 Gambesons
26:19 Elite Skirmisher
33:23 Imperial Age
33:02 Chieftains
34:35 Conscription
35:36 Gold Shaft Mining
35:17 Heavy Plow
36:02 Murder Holes
35:48 Treadmill Crane
Connection lost

Rejoining the realm…

Still unreachable

The connection could not be restored.

Session expired

The server has moved on; the page needs a fresh start.